 Dungeon Crawl Stone Soup version 0.16-a0-1301-gf74d490 (webtiles) character file.

108 Ololoev the Slinger (level 5, -3/34 HPs)
             Began as a Halfling Hunter on Oct 15, 2014.
             Killed by divine providence
             ... invoked by an orc priest
              (11 damage)
             ... on level 3 of the Dungeon.
             The game lasted 00:10:11 (2495 turns).

Ololoev the Slinger (Halfling Hunter)               Turns: 2495, Time: 00:10:12

Health: -3/34      AC:  6    Str: 12    XL:     5   Next: 12%
Magic:  5/5        EV: 13    Int: 11    God:
Gold:   89         SH:  0    Dex: 15    Spells: 0 memorised, 4 levels left

rFire  . . .     SeeInvis .     b - +1 hunting sling
rCold  . . .     Clarity  .     d - +0 leather armour
rNeg   . . .     SustAb   .     (no shield)
rPois  .         Gourm    .     (no helmet)
rElec  .         Spirit   .     o - +2 cloak
rCorr  .         Warding  .     (no gloves)
rMut   .         Stasis   .     (no boots)
MR     .....                    (no amulet)
Stlth  ++........               (no ring)
                                (no ring)

@: not resistant to hostile enchantments, unstealthy
A: mutation resistance 1
a: no special abilities


You were on level 3 of the Dungeon.
You were not hungry.

You visited 1 branch of the dungeon, and saw 3 of its levels.

You collected 89 gold pieces.

Inventory:

Hand weapons
 a - a +0 falchion
 b - a +1 hunting sling (weapon)
Missiles
 c - 33 sling bullets (quivered)
 j - 26 stones
Armour
 d - a +0 leather armour (worn)
 o - a +2 cloak (worn)
Scrolls
 e - 2 scrolls of recharging {unknown}
 h - a scroll of random uselessness {unknown}
 i - 3 scrolls of remove curse {unknown}
 k - a scroll of immolation {unknown}
 n - 2 scrolls of enchant weapon {unknown}
 q - 2 scrolls of identify {unknown}
Potions
 g - 4 potions of haste {unknown}
 l - a potion of restore abilities {unknown}
 p - 3 potions of curing {unknown}
 s - a potion of degeneration {unknown}
Comestibles
 f - 2 bread rations
 m - a meat ration
 r - a rotting chunk of gnoll flesh
 t - a chunk of orc flesh


   Skills:
 - Level 1.7 Fighting
   Level 0.6(1.5) Short Blades
 + Level 1.5 Long Blades
 * Level 8.2 Slings
 - Level 2.1 Dodging
 - Level 1.1 Stealth


You had 4 spell levels left.
You didn't know any spells.

Dungeon Overview and Level Annotations

Branches:
Dungeon (3/15)

Altars:
Elyvilon
Fedhas
Nemelex Xobeh
Qazlal
Ru
Zin


Innate Abilities, Weirdness & Mutations

You are small and have problems with some larger weapons.
You are somewhat resistant to further mutation.


Message History

Press: ? - help, Shift-Dir - straight line, f/p - orc priest
Aim: an orc priest, wielding a mace (heavily wounded)
You shoot a sling bullet.
The sling bullet closely misses the orc priest.
Firing (i - inventory. (,) - cycle):
c - 35 sling bullets (quivered)
Press: ? - help, Shift-Dir - straight line, f/p - orc priest
Aim: an orc priest, wielding a mace (heavily wounded)
You shoot a sling bullet. The sling bullet hits the orc priest.
The orc priest is heavily wounded.
The orc priest mumbles some strange prayers to Beogh against you.
Something smites you!
* * * LOW HITPOINT WARNING * * *
Firing (i - inventory. (,) - cycle):
c - 34 sling bullets (quivered)
Press: ? - help, Shift-Dir - straight line, f/p - orc priest
Aim: an orc priest, wielding a mace (heavily wounded)
You shoot a sling bullet. The sling bullet hits the orc priest.
The orc priest is almost dead.
The orc priest mumbles some strange prayers to Beogh against you.
Something smites you!
You die...

..## #.# ... ## #.# #.#
.....###.## #.. ... #.# #.#
......$....# #.## #.##.# #.#
.........#.. ...####....###.##
......>..#.# #................
.%....(..#(#####.########..####.
.oo...((((.(o..##.# ##..# ##
.........(..##(##.###### ##.#
.....)...(.###..@......#####.#
..(.....#.# ####..###...%...#
o#.....##.####.........######
...#... ....<.....)..).# . #...
...............#
#o..........#########
#..........# . ...... ..


You could see an orc priest.

Vanquished Creatures
  Terence (D:2)
  A gnoll (D:2)
  2 adders
  A worm (D:2)
  2 giant geckos
  An ooze (D:1)
  4 orcs (D:3)
  2 giant cockroaches
  10 goblins
  5 hobgoblins
  3 quokkas
  6 bats
  2 giant newts (D:1)
  12 kobolds
  6 rats
58 creatures vanquished.

Notes
Turn   | Place    | Note
--------------------------------------------------------------
     0 | D:1      | Ololoev, the Halfling Hunter, began the quest for the Orb.
     0 | D:1      | Reached XP level 1. HP: 14/14 MP: 1/1
    48 | D:1      | Reached skill level 6 in Slings
   100 | D:1      | Reached XP level 2. HP: 19/19 MP: 2/2
   841 | D:1      | Reached XP level 3. HP: 15/24 MP: 3/3
  1046 | D:1      | Reached skill level 7 in Slings
  1407 | D:2      | Noticed Terence
  1629 | D:2      | Found a sparkling altar of Nemelex Xobeh.
  1737 | D:2      | Reached XP level 4. HP: 14/29 MP: 4/4
  2139 | D:2      | Reached skill level 1 in Long Blades
  2228 | D:2      | Killed Terence
  2228 | D:2      | Reached skill level 8 in Slings
  2358 | D:3      | Found a white marble altar of Elyvilon.
  2362 | D:3      | Found a blossoming altar of Fedhas.
  2364 | D:3      | Found a glowing silver altar of Zin.
  2364 | D:3      | Found a stormy altar of Qazlal.
  2365 | D:3      | Found a sacrificial altar of Ru.
  2411 | D:3      | Reached XP level 5. HP: 34/34 MP: 5/5
  2495 | D:3      | Killed from afar by an orc priest

Action                   |  1- 3 |  4- 6 || total
-------------------------+-------+-------++-------
Melee: Short sword       |    62 |       ||    62
       Falchion          |    30 |    34 ||    64
 Fire: Hunting sling     |    47 |    32 ||    79
 Stab: Sleeping          |     1 |       ||     1
  Eat: Chunk             |     2 |     3 ||     5
